 Dungeon Crawl Stone Soup version 0.31-a0-355-g57cb03d3e8 (webtiles) character file.

Game seed: 1135696977897045142

81 spiderkeys the Changeling (level 4, -8/29 HPs)
             Began as an Octopode Shapeshifter on July 25, 2023.
             Killed from afar by Sigmund (12 damage)
             ... with a puff of flame
             ... on level 2 of the Dungeon.
             The game lasted 00:02:01 (1650 turns).

spiderkeys the Changeling (Octopode Shapeshifter)   Turns: 1650, Time: 00:02:02

Health: -8/29      AC:  1    Str: 16    XL:     4   Next: 42%
Magic:  4/4        EV: 13    Int: 10    God:
Gold:   61         SH:  0    Dex: 12    Spells: 3/3 levels left

rFire   . .          .
                       - Unarmed
rCold   . . .        (no shield)
rNeg    . . .        (helmet currently unavailable)
rPois   .            (no amulet)
rElec   .            (no ring)
rCorr   .            (no ring)
SInv    .            (no ring)
Will    .....        (no ring)
Stlth   ++           (no ring)
HPRegen 0.24/turn    (no ring)
MPRegen 0.09/turn    (no ring)
                     (no ring)

%: no passive effects
@: beast-form
A: beast (slay +2), almost no armour, amphibious, 8 rings, camouflage 1,
gelatinous body 1, (nimble swimmer 1), tentacles
a: Begin Untransformation


You were on level 2 of the Dungeon.
You were a hulking beast.
You visited 1 branch of the dungeon, and saw 2 of its levels.

You collected 61 gold pieces.


Innate Abilities, Weirdness & Mutations

You are a hulking beast.
Your limbs bulge with bestial killing power. (Slay +2)
You cannot wear most types of armour.
You are amphibious.
You can wear up to eight rings at the same time.
Your skin changes colour to match your surroundings (Stealth+).
Your rubbery body absorbs attacks. (AC +1, EV +1)
((You are camouflaged when in or above water. (Stealth+)))
You have tentacles for arms and can constrict up to eight enemies at once.


   Skills:
 + Level 2.0 Fighting
 + Level 2.7 Dodging
 + Level 3.5 Unarmed Combat
 * Level 3.5 Shapeshifting


You had 3 spell levels left.
You didn't know any spells.
Your spell library contained the following spells:

 Spells                   Type           Power      Damage    Failure   Level
 Lesser Beckoning         Tloc           0%         N/A       50%         2
 Wereblood                Tmut           0%         N/A       50%         2
 Gell's Gravitas          Tloc           0%         N/A       75%         3
 Teleport Other           Tloc           0%         N/A       75%         3
 Irradiate                Conj/Tmut      0%         3d11      100%        5

Inventory:

Missiles
 j - 11 stones
Talismans
 b - a beast talisman
 l - a serpent talisman
   (You found it on level 1 of the Dungeon)
Scrolls
 d - a scroll of brand weapon {unknown}
 e - a scroll of noise {unknown}
 g - 2 scrolls of amnesia {unknown}
 h - a scroll of identify {unknown}
 k - 4 scrolls of blinking {unknown}
Potions
 a - 2 potions of lignification {!q}
 c - 2 potions of heal wounds {unknown}
 f - a potion of haste {unknown}
 i - a potion of attraction {unknown}
 m - a potion of might {unknown}

Dungeon Overview and Level Annotations

Branches:
Dungeon (2/15) Zot: 10354

Altars:

Annotations:
D:2 Sigmund

#.. .# #.# # .## ### #.#
... ..# #.# #.# #.# #.#
##.#### #.# #.# #.....#
#{# # #.####.....# #h##.#
..<........#####....#
######.#............# #
#.....#######..# #
########............# .#
............######..####.#
.##########.# #....... .#
#.######...#.# .#
#......).....#..


There were no monsters in sight!


Message History

MASSIVE DAMAGE!! (PAUSE)
You closely miss the rat. You grab the rat. You squeeze the rat.
You kill the rat!
The hobgoblin hits you. 😮 HP[-2]
You take 2 damage, and now have 21/29 hp.
You are too injured to fight recklessly!
You are too injured to fight recklessly!
You are too injured to fight recklessly!
You are too injured to fight recklessly!
You tentacle-slap the hobgoblin. You grab the hobgoblin.
You squeeze the hobgoblin.
You kill the hobgoblin! 😕 HP[+1]
You tentacle-slap the worm. You grab the worm. You constrict the worm.
The worm misses you.
You tentacle-slap the worm. Your squeeze misses the worm.
You constrict the worm. You bludgeon the worm!
You kill the worm!
You see here a worm corpse.
You pick up a book of Displacement and begin reading...
You add the spells Lesser Beckoning, Gell's Gravitas and Teleport Other to your library. 😕 HP[+1]
You see here a worm corpse.
m - a green potion 😎 HP[+6]
Your hp is fully restored (29).
An endoplasm comes into view.
The endoplasm quivers.
An endoplasm is nearby!
An endoplasm is nearby!
The endoplasm hits you but does no damage.
You tentacle-slap the endoplasm. You tentacle-slap the endoplasm.
You kill the endoplasm!
No target in view!
Key pressed, stopping explore.
There is a stone staircase leading down here.
Key pressed, stopping explore.
Things that are here:
a +0 club; a +0 sling
Found a stone staircase leading up.
No target in view!
No target in view!
There is a stone staircase leading up here.
Key pressed, stopping explore.
You open the door.
There is an open door here.
Found a stone staircase leading up.
There is a stone staircase leading up here.
k - 4 scrolls labelled VUPPENU ARCHURAS (gained 1)
You pick up a book of Changes and begin reading...
You add the spells Wereblood and Irradiate to your library.
Sigmund the Dreaded comes into view.
He is wielding a +0 scythe.
Sigmund shouts!
Sigmund misses you.
Sigmund casts a spell.
Sigmund flickers and vanishes!
Deactivating autopickup; reactivate with Ctrl-A.
No target in view!
No target in view!
No target in view!
No target in view!
You tentacle-slap something.
You hear some strange, mumbled words.
A magic dart appears from out of thin air!
The magic dart hits you! 😕 HP[-7]
You take 7 damage, and now have 22/29 hp.
MASSIVE DAMAGE!! (PAUSE)
You tentacle-slap something. Something hits you but does no damage.
You miss something. Your squeeze misses something. You barely miss something.
Something hits you. 😮 HP[-1]
You take 1 damage, and now have 21/29 hp.
You miss something. Your squeeze misses something. 😕 HP[+1]
You completely miss something. Something barely misses you.
You barely miss something. Your squeeze misses something.
Something hits you. 😮 HP[-4]
You take 4 damage, and now have 18/29 hp.
You tentacle-slap something. You tentacle-slap something.
Your squeeze misses something.
You hear some strange, mumbled words.
A magic dart appears from out of thin air!
The magic dart hits you!
* * * LOW HITPOINT WARNING * * *
😨 HP[-9]
You take 9 damage, and now have 9/29 hp.
MASSIVE DAMAGE!! (PAUSE)
You miss something. Your squeeze misses something. Something hits you.
* * * LOW HITPOINT WARNING * * *
😱 HP[-5]
You take 5 damage, and now have 4/29 hp.
You miss something. Your squeeze misses something.
You hear some strange, mumbled words.
A puff of flame appears from out of thin air!
The puff of flame hits you!
You die...

Skill      XL: |  1  2  3 |
---------------+----------+-----
Fighting       | 2 |  2.0
Dodging        | |  2.7
Unarmed Combat | |  3.5
Shapeshifting  | |  3.5

Action                     |  1- 3 |  4- 6 || total
---------------------------+-------+-------++-------
  Melee: Unarmed           |    50 |    27 ||    77
         Tentacles         |     8 |     4 ||    12
         Constrict         |    12 |     7 ||    19
         Punch             |     2 |       ||     2
   Stab: Sleeping          |    10 |     2 ||    12
 Armour: Skin              |     3 |     2 ||     5
  Dodge: Dodged            |    27 |    14 ||    41

Levels and vault maps discovered:
D:1:      lightli_arrival_lavapool, layout_loops_corners
D:2:      minmay_diamond_boxcup, layout_loops_ring,
          shapermc_ecumenical_altar_flowoftime, st_stairs_14, uniq_sigmund

Notes
Turn   | Place    | Note
-------+----------+-------------------------------------------
     0 | D:1      | spiderkeys the Octopode Shapeshifter began the quest for
                  | the Orb.
     0 | D:1      | Reached XP level 1. HP: 13/13 MP: 1/1
     0 | D:1      | magus.rc [v1.11.3]
   211 | D:1      | Reached XP level 2. HP: 18/18 MP: 2/2
   763 | D:1      | Reached XP level 3. HP: 23/23 MP: 3/3
   938 | D:2      | Found a faded altar of an unknown god.
  1114 | D:2      | Reached skill level 2 in Fighting
  1114 | D:2      | Reached XP level 4. HP: 20/29 MP: 4/4
  1457 | D:2      | You pick up a book of Displacement and begin reading...
  1457 | D:2      | You add the spells Lesser Beckoning, Gell's Gravitas and
                  | Teleport Other to your library.
  1629 | D:2      | You pick up a book of Changes and begin reading...
  1629 | D:2      | You add the spells Wereblood and Irradiate to your library.
  1637 | D:2      | Noticed Sigmund
  1649 | D:2      | HP: 4/29 [something (5)]
  1650 | D:2      | Killed from afar by Sigmund

Vanquished Creatures
  4 adders (D:2)
  A worm (D:2)
  5 bats
  4 endoplasms
  A giant cockroach (D:1)
  A goblin (D:2)
  4 hobgoblins
  6 kobolds
  2 quokkas (D:1)
  5 ball pythons
  2 frilled lizards (D:1)
  3 rats
38 creatures vanquished.

Table legend:
 A = Non-vault XP
 B = Vault XP
 C = Vault XP percentage of total XP
 D = Non-vault monster count
 E = Vault monster count
 F = Vault count percentage of total count
                 A         B        C        D         E       F
            +---------+---------+-------+---------+---------+-------
      Total |      77 |      40 |  34.2 |      31 |       7 |  18.4
            +---------+---------+-------+---------+---------+-------
        D:1 |      38 |       0 |   0.0 |      23 |       0 |   0.0
        D:2 |      39 |      40 |  50.6 |       8 |       7 |  46.7
            +---------+---------+-------+---------+---------+-------

Skill      XL: |  1  2  3 |
---------------+----------+-----
Fighting       | 2 |  2.0
Dodging        | |  2.7
Unarmed Combat | |  3.5
Shapeshifting  | |  3.5

Action                     |  1- 3 |  4- 6 || total
---------------------------+-------+-------++-------
  Melee: Unarmed           |    50 |    27 ||    77
         Tentacles         |     8 |     4 ||    12
         Constrict         |    12 |     7 ||    19
         Punch             |     2 |       ||     2
   Stab: Sleeping          |    10 |     2 ||    12
 Armour: Skin              |     3 |     2 ||     5
  Dodge: Dodged            |    27 |    14 ||    41

Illustrated notes

Table legend:
 A = Kills in this place as a percentage of kills in the entire game.
 B = Kills by you in this place as a percentage of kills by you in the entire game.
 C = Kills by friends in this place as a percentage of kills by friends in the entire game.
 D = Other kills in this place as a percentage of other kills in the entire game.
 E = Experience gained in this place as a percentage of experience gained in the entire game.
 F = Experience gained in this place divided by the number of levels of this place that you have seen.
                   A       B       C       D       E      F
               +-------+-------+-------+-------+-------+----------------------
         Total | 100.0 | 100.0 |   N/A |   N/A | 100.0 |  58.5
       Dungeon | 100.0 | 100.0 |   N/A |   N/A | 100.0 |  58.5
               +-------+-------+-------+-------+-------+----------------------

Table legend: (Time is in decaauts)
 A = Elapsed time spent in this place.
 B = Non-inter-level travel time spent in this place.
 C = Inter-level travel time spent in this place.
 D = Time resting spent in this place.
 E = Time spent auto-exploring this place.
 F = Levels seen in this place.
 G = Mean time per level.
                   A        B        C        D        E       F      G
               +--------+--------+--------+--------+--------+-----+--------+
         Total |   1644 |   1626 |     18 |      0 |   1399 |   2 |  822.0 |
       Dungeon |   1644 |   1626 |     18 |      0 |   1399 |   2 |  822.0 |
               +--------+--------+--------+--------+--------+-----+--------+

Top non-repeatable levels by time:
     D:1: 904 daAuts
     D:2: 739 daAuts
